 Dungeon Crawl Stone Soup version 0.26-a0-365-g11c2b627af (webtiles) character file.

Game seed: 12953884367470166946

68 Glokmah the Bolt Thrower (level 4, -12/26 HPs)
             Began as a Kobold Arcane Marksman on July 19, 2020.
             Mangled by a gnoll
             ... wielding a +0 flail
              (13 damage)
             ... on level 2 of the Dungeon.
             The game lasted 00:04:16 (1559 turns).

Glokmah the Bolt Thrower (Kobold Arcane Marksman)   Turns: 1559, Time: 00:04:17

Health: -12/26     AC:  3    Str:  8    XL:     4   Next: 41%
Magic:  3/6        EV: 16    Int: 14    God:
Gold:   57         SH:  0    Dex: 15    Spells: 2/6 levels left

rFire    . . .     SeeInvis .   a - +0 hand crossbow
rCold    . . .     Faith    .   (shield restricted)
rNeg     . . .     Spirit   .   e - +0 robe
rPois    .         Reflect  .   (no helmet)
rElec    .         Harm     .   (no cloak)
rCorr    .                      l - +0 pair of gloves
MR       .....                  (no boots)
Stlth    +.........             (no amulet)
HPRegen  0.08/turn              (no ring)
MPRegen  0.10/turn              (no ring)

@: no status effects
A: small
a: no special abilities


You were on level 2 of the Dungeon.
You visited 1 branch of the dungeon, and saw 2 of its levels.

You collected 57 gold pieces.

Inventory:

Hand Weapons
 a - a +0 hand crossbow (weapon)
 b - a +1 dagger of draining
Missiles
 d - 27 bolts (quivered)
 g - 6 boomerangs
Armour
 e - a +0 robe (worn)
 l - a +0 pair of gloves (worn)
Scrolls
 k - a scroll of remove curse
Potions
 c - a potion of flight
 f - 2 potions of lignification
 h - a potion of brilliance
 j - a potion of might
 m - a potion of curing {unknown}


   Skills:
 + Level 1.7 Fighting
 * Level 3.5 Crossbows
 - Level 1.0 Throwing
 + Level 3.0 Dodging
 + Level 1.6 Spellcasting
 + Level 3.3 Hexes
 + Level 0.2 Fire Magic


You had 2 spell levels left.
You knew the following spells:

 Your Spells              Type           Power        Failure   Level
a - Corona                Hex            ##.....      6%          1
b - Inner Flame           Hex/Fire       #.......     34%         3

Your spell library contained the following spells:

 Spells                   Type           Power        Failure   Level
 Slow                     Hex            ##......     10%         2
 Portal Projectile        Hex/Tloc       #.....       36%         3
 Cause Fear               Hex            ##........   54%         4
 Leda's Liquefaction      Hex/Erth       #.........   77%         4


Dungeon Overview and Level Annotations

Branches:
Dungeon (2/15)

Altars:


Message History

The gnoll is filled with an inner flame.
Firing (i - inventory. (/) - cycle)
d - 29 bolts (quivered)
Press: ? - help, Shift-Dir - straight line, f/p - gnoll
Aim: a gnoll, wielding a +0 flail (severely wounded, inner flame)
You shoot a bolt.
The bolt hits the gnoll but does no damage.
The gnoll is severely wounded.
The gnoll hits you with a +0 flail!
Firing (i - inventory. (/) - cycle)
d - 28 bolts (quivered)
Press: ? - help, Shift-Dir - straight line, f/p - gnoll
Aim: a gnoll, wielding a +0 flail (severely wounded, inner flame)
You shoot a bolt.
The bolt hits the gnoll but does no damage.
The gnoll is severely wounded.
The gnoll hits you with a +0 flail!
Ouch! That really hurt!
* * * LOW HITPOINT WARNING * * *
The gnoll barely misses you. x2; The gnoll hits you with a +0 flail!
Ouch! That really hurt!
You die...

###...#.##.........# ###...##
...†.....#...).....# ##...#
...##..(..............#### ##....
...###.#.############......#..###
..♣.##...######## # #..(<...
♣♣♣.............> ......######
♣♣♣♣#......>#### ######
♣.........(....###############
♣♣............@gg.....(.((((.
♣♣.......♣♣♣..g#############
♣......†♣# #♣=.# ♣.♣.....♣ ♣..#
♣♣......♣# #♣..#
♣♣....#...♣♣♣...#
♣♣♣.♣...#........##
........########## ###...###


You could see 3 gnolls.

Vanquished Creatures
  A gnoll (D:2)
  2 adders (D:2)
  A dart slug (D:2)
  3 leopard geckos
  3 giant cockroaches (D:1)
  A hobgoblin (D:1)
  5 kobolds
  A quokka (D:2)
  5 bats
  A frilled lizard (D:2)
  8 goblins
  4 rats (D:2)
35 creatures vanquished.

Notes
Turn   | Place    | Note
-------+----------+-------------------------------------------
     0 | D:1      | Glokmah the Kobold Arcane Marksman began the quest for the
                  | Orb.
     0 | D:1      | Reached XP level 1. HP: 12/12 MP: 2/2
   342 | D:1      | Reached XP level 2. HP: 16/16 MP: 3/3
   686 | D:1      | Reached XP level 3. HP: 18/20 MP: 5/5
  1211 | D:2      | Reached skill level 1 in Throwing
  1315 | D:2      | Learned a level 3 spell: Inner Flame
  1408 | D:2      | Reached XP level 4. HP: 25/25 MP: 6/6
  1559 | D:2      | HP: 1/26 [gnoll/+0 flail (13)]
  1559 | D:2      | Mangled by a gnoll

Illustrated notes

Levels and vault maps discovered:
D:1:      wander_arrival_chamber, layout_loops_ring, serial_aquarium,
          aquarium_bridge_square [aquarium_subvault_wall,
          aquarium_subvault_bridge, aquarium_subvault_bridge,
          aquarium_subvault_wall], aquarium_bridge_square
          [aquarium_subvault_balcony, aquarium_subvault_window,
          aquarium_subvault_bridge, aquarium_subvault_balcony],
          aquarium_window_corridor_1, aquarium_window_double, aquarium_view_2a
D:2:      layout_rooms, chequers_ecumenical_altar_grove,
          minmay_stone_trees_small

Skill      XL: |  1  2  3  4 |
---------------+-------------+-----
Crossbows      | 3 |  3.5
Throwing       | 1 |  1.0
Dodging        | 3 |  3.0
Fighting       | |  1.7
Spellcasting   | |  1.6
Hexes          | |  3.3
Fire Magic     | |  0.2

Action                   |  1- 3 |  4- 6 || total
-------------------------+-------+-------++-------
Melee: Short sword       |    10 |       ||    10
       Dagger            |    37 |    18 ||    55
 Fire: Hand crossbow     |    29 |     9 ||    38
 Cast: Corona            |     1 |       ||     1
       Inner Flame       |       |     1 ||     1
  Use: Scroll            |     6 |     5 ||    11
 Stab: Sleeping          |     2 |       ||     2
Armor: Robe              |    13 |     3 ||    16
Dodge: Dodged            |    63 |    16 ||    79

Table legend: (Time is in decaauts)
 A = Elapsed time spent in this place.
 B = Non-inter-level travel time spent in this place.
 C = Inter-level travel time spent in this place.
 D = Time resting spent in this place.
 E = Time spent auto-exploring this place.
 F = Levels seen in this place.
 G = Mean time per level.
                   A        B        C        D        E       F      G
               +--------+--------+--------+--------+--------+-----+--------+
         Total |   1571 |   1470 |    101 |    282 |    654 |   2 |  785.5 |
       Dungeon |   1571 |   1470 |    101 |    282 |    654 |   2 |  785.5 |
               +--------+--------+--------+--------+--------+-----+--------+
